 Dungeon Crawl Stone Soup version 0.28.0-53-g5a82cb258f (console) character file.

Game seed: 10036482787474806218

1267 Banquo the Magician (level 8, 0/58 HPs)
             Began as a Djinni Earth Elementalist on May 22, 2022.
             Slain by a human
             ... wielding a +0 war axe
              (9 damage)
             ... in a bailey.
             The game lasted 00:21:08 (7694 turns).

Banquo the Magician (Djinni Earth Elementalist)     Turns: 7694, Time: 00:21:09

Health: 0/58       AC:  5    Str:  7    XL:     8   Next: 82%
Gold:   213        EV: 13    Int: 20    God:
                   SH:  0    Dex: 13

rFire   + + .      SeeInvis .   d - +0 dagger
rCold   x . .      Faith    .   (no shield)
rNeg    . . .      Spirit   .   m - +2 robe
rPois   ∞          Reflect  .   k - +0 helmet
rElec   .          Harm     .   (no cloak)
rCorr   .          Rampage  .   (no gloves)
Will    +....                   (boots unavailable)
Stlth   ++........              (no amulet)
HPRegen 0.19/turn               x - ring of willpower
MPRegen 0.00/turn               (no ring)

@: flying
A: sickness immunity, fire resistance 2, cold vulnerability 1, float, innate
caster, HP casting, extra vitality 1
a: no special abilities


You were in a bailey.
You visited 1 branch of the dungeon, and saw 6 of its levels.
You also visited: Bailey.

You collected 213 gold pieces.

Inventory:

Hand Weapons
 d - a +0 dagger (weapon)
 j - a +0 spear
 A - a +0 war axe
 C - a +0 vorpal hand axe
Missiles
 c - 109 stones
 r - 8 poisoned darts
Armour
 b - a +0 robe
 k - a +0 helmet (worn)
 m - a +2 robe (worn)
 q - a +0 robe of willpower
 u - a +0 tower shield
Jewellery
 o - a ring of fire
 x - a ring of willpower (left hand)
Wands
 f - a wand of acid (13)
 y - a wand of flame (17)
Scrolls
 g - a scroll of fear {unknown}
 i - a scroll of summoning {unknown}
 n - a scroll of blinking {unknown}
 w - a scroll of noise {unknown}
 z - 2 scrolls of enchant weapon {unknown}
Potions
 a - 3 potions of curing {unknown}
 e - a potion of magic {unknown}
 h - a potion of might {unknown}
 l - a potion of flight {unknown}
 p - a potion of berserk rage {unknown}
 s - a potion of resistance {unknown}
 t - 2 potions of haste
 v - a potion of brilliance
 B - a potion of heal wounds {unknown}


   Skills:
 * Level 3.8 Fighting
 * Level 5.0 Dodging
 - Level 1.5 Stealth
 + Level 6.7 Spellcasting


You had 4 spell levels left.
You knew the following spells:

 Your Spells              Type           Power      Damage    Failure   Level
a - Sandblast             Erth           66%        2d15      1%          1
b - Passwall              Tmut/Erth      27%        N/A       1%          2
c - Stone Arrow           Conj/Erth      66%        3d11      1%          3
d - Petrify               Tmut/Erth      33%        N/A       6%          4
e - Ensorcelled Hibernat  Hex/Ice        66%        N/A       1%          2
f - Inner Flame           Hex/Fire       33%        N/A       1%          3
z - Freeze                Ice            100%       1d11      1%          1
Your spell library was empty.

Dungeon Overview and Level Annotations

Branches:
Dungeon (7/15)             Bailey (1/1)
 Temple: D:4-7

Altars:
Hepliaklqana
Kikubaaqudgha
Trog
Xom

Shops:
D:1 :

Annotations:
D:4 Sigmund
D:7 1 runed translucent door, crabbadon's ghost, novice DrTm


Innate Abilities, Weirdness & Mutations

You are immune to sickness and miasma.
You are immune to poison.
Your flesh is very heat resistant. (rF++)
You are vulnerable to cold. (rC-)
You float through the air rather than walking.
You learn spells naturally, not from books.
Your magical power is your life essence.
You have superior vitality. (+4 MHP)


Message History

The stone arrow hits the human!
The human is almost dead.
The human hits you with a +1 vorpal hand axe!
* * * LOW HITPOINT WARNING * * *
x2
Aiming: Stone Arrow (safe; 1% risk of failure)
Press: ? - help, Q - select action, (/) - cycle Shift-Dir - straight line, f/p - human
Aim: a human, wielding a +1 vorpal hand axe and wearing a +0 scale mail (almost dead, 67% to hit)
The stone arrow hits the human!
You kill the human!
* * * LOW HITPOINT WARNING * * *
Your Dodging skill increases to level 5!
Things that are here:
a +0 vorpal hand axe; a +0 scale mail; a human corpse
C - a +0 vorpal hand axe A human comes into view.
It is wielding a +0 war axe.
A human is nearby!
Aiming: Stone Arrow (safe; 1% risk of failure)
Press: ? - help, Q - select action, (/) - cycle Shift-Dir - straight line, f - human
Aim: a human, wielding a +0 war axe and wearing a +0 ring mail (67% to hit)
Okay, then.
Unknown command.
Casting: Stone Arrow (safe; 1% risk of failure)
Confirm with . or Enter, or press ? or * to list all spells.
Aiming: Sandblast (safe; 1% risk of failure)
Press: ? - help, Shift-Dir - straight line, f - human
Aim: a human, wielding a +0 war axe and wearing a +0 ring mail (77% to hit)
The blast of sand hits the human but does no damage.
c - 110 stones
* * * LOW HITPOINT WARNING * * *
Casting: Sandblast (safe; 1% risk of failure)
Confirm with . or Enter, or press ? or * to list all spells.
Aiming: Sandblast (safe; 1% risk of failure)
Press: ? - help, Shift-Dir - straight line, f/p - human
Aim: a human, wielding a +0 war axe and wearing a +0 ring mail (77% to hit)
The blast of sand hits the human!
The human is moderately wounded.
c - 109 stones
* * * LOW HITPOINT WARNING * * *
The human hits you with a +0 war axe!
You die...

#####
##...##
#.....#
#.∩.∩.#
#.....#
##.@.##
#+#p#
#)..
#...#
#...#
#...#
##..#
..#


You could see a human.

Vanquished Creatures
  2 humans (Bailey)
  Menkaure (D:7)
  An orc warrior (D:7)
  A black bear (D:4)
  2 necrophages
  A bullfrog (D:7)
  A wyvern skeleton (D:7)
  A hound (D:4)
  A jelly (D:4)
  Jessica (D:3)
  2 iguanas (D:4)
  Natasha (thrice) (D:4)
  An orc wizard (D:4)
  A hound skeleton (D:4)
  A howler monkey zombie (D:7)
  Robin (D:2)
  3 adders
  A shadow imp (D:7)
  3 worms
  A dart slug (D:2)
  10 orcs
  8 endoplasms
  2 giant cockroaches
  21 goblins
  13 hobgoblins
  4 jackals
  A quokka (D:4)
  3 ball pythons
  2 bats
  4 frilled lizards
  6 kobolds
  8 rats
111 creatures vanquished.

Notes
Turn   | Place    | Note
-------+----------+-------------------------------------------
     0 | D:1      | Banquo the Djinni Earth Elementalist began the quest for
                  | the Orb.
     0 | D:1      | Reached XP level 1. HP: 15/15 MP: 0/0
   380 | D:1      | Reached XP level 2. HP: 21/21 MP: 0/0
   571 | D:1      | Found Picocoma's Book Boutique.
  1075 | D:1      | Reached XP level 3. HP: 25/26 MP: 0/0
  1075 | D:1      | Learned a level 1 spell: Freeze
  1077 | D:1      | Reached skill level 3 in Spellcasting
  1641 | D:2      | Found a bloodstained altar of Trog.
  1799 | D:2      | Noticed Robin
  1873 | D:2      | Found a faded altar of an unknown god.
  2073 | D:2      | Reached skill level 1 in Fighting
  2371 | D:2      | Reached XP level 4. HP: 22/32 MP: 0/0
  2720 | D:2      | Killed Robin
  2903 | D:2      | Found a faded altar of an unknown god.
  3066 | D:2      | Found a bloodstained altar of Trog.
  3552 | D:3      | Reached XP level 5. HP: 21/37 MP: 0/0
  3552 | D:3      | Learned a level 2 spell: Ensorcelled Hibernation
  3688 | D:3      | Found a hazy altar of Hepliaklqana.
  3707 | D:3      | Noticed Jessica
  3717 | D:3      | Killed Jessica
  4047 | D:3      | Found a faded altar of an unknown god.
  4052 | D:3      | Found a shimmering altar of Xom.
  4438 | D:3      | Found a faded altar of an unknown god.
  4443 | D:3      | Found a shimmering altar of Xom.
  4496 | D:3      | Found a hazy altar of Hepliaklqana.
  5013 | D:4      | Noticed Sigmund
  5124 | D:4      | Noticed Natasha
  5129 | D:4      | Killed Natasha
  5130 | D:4      | Reached skill level 4 in Spellcasting
  5309 | D:4      | Reached XP level 6. HP: 34/43 MP: 0/0
  5607 | D:4      | Noticed a black bear
  5613 | D:4      | Killed a black bear
  5753 | D:4      | Noticed Natasha
  5767 | D:4      | Killed Natasha
  6153 | D:4      | Noticed Natasha
  6167 | D:4      | Killed Natasha
  6168 | D:4      | Reached XP level 7. HP: 29/49 MP: 0/0
  6168 | D:4      | Learned a level 3 spell: Inner Flame
  6707 | D:4      | Reached skill level 5 in Spellcasting
  7148 | D:5      | Entered Level 5 of the Dungeon
  7231 | D:5      | You are sucked into a shaft and drop 2 floors!
  7232 | D:7      | Noticed crabbadon's ghost (novice DrTm)
  7297 | D:7      | Reached XP level 8. HP: 39/56 MP: 0/0
  7363 | D:7      | Found a runed translucent door.
  7393 | D:7      | Noticed Menkaure
  7399 | D:7      | Killed Menkaure
  7400 | D:7      | Reached skill level 6 in Spellcasting
  7405 | D:7      | Found a flagged portal.
  7676 | Bailey   | Entered a bailey
  7679 | Bailey   | Noticed a human
  7679 | Bailey   | Noticed a human
  7688 | Bailey   | Killed a human
  7690 | Bailey   | Killed a human
  7691 | Bailey   | Reached skill level 5 in Dodging
  7692 | Bailey   | Noticed a human
  7694 | Bailey   | Slain by a human

Illustrated notes

Levels and vault maps discovered:
D:1:      roderic_crossed_star, layout_basic, serial_shops, shop, serial_forest,
          infiniplex_forest_clump_small, infiniplex_forest_clump_small,
          infiniplex_forest_lined_2, infiniplex_forest_side_room,
          infiniplex_forest_clump_double, infiniplex_forest_straight_3,
          infiniplex_forest_zigzag_2, infiniplex_forest_clump_small,
          infiniplex_forest_diagonal
D:2:      minmay_wonky_spiral, layout_loops_ring, basic_altar,
          shapermc_ecumenical_altar_mp_highgroup, uniq_robin
D:3:      layout_basic, nicolae_overflow_ecumenical_swirl,
          mainiacjoe_overflow_catwalk_spiral, uniq_jessica
D:4:      layout_layer_cave, minivault_23, corexii_item_surrounded_by_moat,
          minivault_1, minmay_goblin_kobold_house, uniq_natasha, uniq_sigmund
D:5:      layout_loops_corners
D:7:      layout_cave_pools, enter_bailey_8, hellmonk_ghost_happy_afterlife,
          uniq_menkaure, uniq_maggie
Bailey:   bailey_axe_froggy_fort_hellmonk, bailey

Skill      XL: |  1  2  3  4  5  6  7  8 |
---------------+-------------------------+-----
Spellcasting   | 3 4 5 6 |  6.7
Fighting       | 1 2 3 |  3.8
Dodging        | 3 4 5 |  5.0
Stealth        | |  1.5

Action                   |  1- 3 |  4- 6 |  7- 9 || total
-------------------------+-------+-------+-------++-------
Melee: Dagger            |     2 |     4 |       ||     6
 Cast: Sandblast         |    36 |    29 |    12 ||    77
       Freeze            |    21 |    59 |     8 ||    88
       Ensorcelled Hiber |       |     2 |       ||     2
       Stone Arrow       |       |     1 |    37 ||    38
       Passwall          |       |       |     1 ||     1
  Use: Scroll            |       |       |     2 ||     2
 Stab: Sleeping          |     1 |     3 |       ||     4
Armor: Robe              |     5 |     5 |     5 ||    15
Dodge: Dodged            |    12 |    25 |    33 ||    70
